 Dungeon Crawl Stone Soup version 0.28.0-1-gb440e238dd (webtiles) character file.

Game seed: 6816759979197079389

11833 themarg the Cleaver (level 11, -27/99 HPs)
             Began as a Minotaur Berserker on Feb 23, 2022.
             Was an Elder of Trog.
             Annihilated by a boulder beetle (58 damage)
             ... on level 10 of the Dungeon on Feb 24, 2022.
             The game lasted 00:39:14 (11305 turns).

themarg the Cleaver (Minotaur Berserker)           Turns: 11305, Time: 00:39:14

Health: -27/99     AC: 12    Str: 27    XL:     11   Next: 54%
Magic:  10/10      EV: 12    Int:  4    God:    Trog [****..]
Gold:   507        SH:  5    Dex: 11    Spells: 10/10 levels left

rFire   . . .      SeeInvis .   J - +5 hand axe "Gram" {vamp, Fly rPois Str+2 Stlth+}
rCold   + . .      Faith    .   (no shield)
rNeg    . . .      Spirit   .   k - +0 scale mail
rPois   +          Reflect  +   L - +1 hat
rElec   .          Harm     .   h - +0 cloak
rCorr   .          Rampage  .   (no gloves)
Will    .....                   q - +0 pair of boots
Stlth   ++........              m - amulet of reflection
HPRegen 0.26/turn               g - ring of protection from cold
MPRegen 0.12/turn               (no ring)

@: on berserk cooldown, flying, slowed, studying Slings, very slow
A: horns 2, retaliatory headbutt
a: Renounce Religion, Berserk, Trog's Hand, Brothers in Arms


You were on level 10 of the Dungeon.
You worshipped Trog.
Trog was greatly pleased with you.
You visited 1 branch of the dungeon, and saw 12 of its levels.
You also visited: Bailey.

You collected 507 gold pieces.

Inventory:

Hand Weapons
 A - a +3 battleaxe of freezing
 E - a +2 vorpal hand axe
 J - the +5 hand axe "Gram" (weapon) {vamp, Fly rPois Str+2 Stlth+}
   (You found it on level 12 of the Dungeon)

   It occasionally heals its wielder for a portion of the damage dealt when it
   wounds a living foe.
   Str:       It affects your strength (+2).
   rPois:     It protects you from poison.
   Fly:       It grants you flight.
   Stlth:     It makes you more stealthy.
Missiles
 a - 13 boomerangs
 d - 532 stones (quivered)
 e - 14 poisoned darts
Armour
 h - a +0 cloak (worn)
 k - a +0 scale mail (worn)
 q - a +0 pair of boots (worn)
 H - an orb of light
 L - a +1 hat (worn)
Jewellery
 g - a ring of protection from cold (left hand)
 m - an amulet of reflection (around neck)
 D - a +6 ring of intelligence
 F - an amulet of faith
Wands
 C - a wand of acid (14)
 I - a wand of polymorph (3)
Scrolls
 f - a scroll of magic mapping {unknown}
 l - a scroll of noise
 n - 2 scrolls of amnesia {unknown}
 o - a scroll of immolation {unknown}
 p - 3 scrolls of teleportation {unknown}
 r - 3 scrolls of fog {unknown}
 t - 3 scrolls of summoning {unknown}
 u - a scroll of blinking
 w - a scroll of torment
 y - a scroll of acquirement {unknown}
 z - 2 scrolls of vulnerability {unknown}
 K - a scroll of identify
Potions
 b - a potion of heal wounds
 c - 4 potions of might
 i - a potion of mutation {unknown}
 j - 3 potions of haste
 s - 4 potions of curing
 v - 2 potions of brilliance {unknown}
 x - 2 potions of cancellation {unknown}
 B - a potion of ambrosia {unknown}
 G - a potion of flight {unknown}


   Skills:
 + Level 10.0 Fighting
 + Level 14.4 Axes
 + Level 10.5 Armour
 + Level 5.7 Dodging
 + Level 2.2 Stealth
 + Level 7.1 Shields
 + Level 1.2 Evocations


You had 10 spell levels left.
You didn't know any spells.
Your spell library was empty.

Dungeon Overview and Level Annotations

Branches:
Dungeon (12/15)            Temple (0/1) D:6             Orc (0/2) D:10
 Bailey (visited)
   Lair: D:8-11

Altars:
Cheibriados
Gozag
Hepliaklqana
Kikubaaqudgha
Makhleb
Okawaru
Ru
Sif Muna
Trog
Uskayaw
Vehumet
Wu Jian
The Shining One

Annotations:
D:5 2 transporters, themarg's ghost, novice TeCj
D:6 3 runed translucent doors, Crazy Yiuf; Ekaitz's ghost, novice DsFE
D:12 3 runed translucent doors, Afrar's ghost, journeyman FoFi; Lytaqeus's ghost, journeyman GnWn; Naggiasi's ghost, journeyman KoBr; Netaeli's ghost, journeyman SpVM; Xqipyl's ghost, journeyman GrFE


Innate Abilities, Weirdness & Mutations

You have a pair of horns on your head.
You reflexively headbutt those who attack you in melee.


Message History

You fly upwards.
There is a stone staircase leading down here.
A red film seems to cover your vision as you go berserk!
You feel yourself moving faster!
You feel mighty! The boulder beetle bites you!
You hit the boulder beetle but do no damage.
You hit the boulder beetle.
You feel better.
You headbutt the boulder beetle.
The boulder beetle is lightly wounded.
The boulder beetle leaps!
You feel a strong urge to attack something.
There is a stone staircase leading down, spattered with blood here.
You feel your anger nearly subside.
You are no longer berserk.
You are exhausted.
You feel yourself slow down.
The boulder beetle leaps!
Aiming: Polymorph
Press: ? - help, Shift-Dir - straight line, f - boulder beetle
Aim: a boulder beetle (will become a radroach, a blink frog, or a deep troll, chance to affect: 34%)
The boulder beetle easily resists.
Aiming: Corrosive Bolt
Press: ? - help, Shift-Dir - straight line, f/p - boulder beetle
Aim: a boulder beetle (100% to hit)
The bolt of acid hits the boulder beetle.
The acid corrodes the boulder beetle!
The boulder beetle is lightly wounded.
The boulder beetle curls into a ball and begins rolling!
The boulder beetle hits you!!
* * * LOW HITPOINT WARNING * * *
The boulder beetle stops rolling and uncurls.
Okay, then.
You feel much better. The boulder beetle bites you!!
* * * LOW HITPOINT WARNING * * *
The boulder beetle closely misses you. You furiously retaliate!
You headbutt the boulder beetle.
The boulder beetle is no longer covered in acid.
The boulder beetle closely misses you.
The boulder beetle bites you but does no damage.
The boulder beetle curls into a ball and begins rolling!
The boulder beetle hits you!!!
Ouch! That really hurt!
You die...

##.##....####.........####....
#........###..###.....##......
#.##...........#.(..........##
#..##...#......#)##........##
#........#.................#
#........#[°.....####......# #
###.....##..○..####.#.....####
#...........B............###.
#......÷##..@.............#..
#.......÷÷............#....}.
#####..###.##...........<.###.##
#.......#####...................
#.......#####...................
##^...............#(............
#####.#.........###......#.##..
#######......##....###.....
#..#...#......#....##


You could see a boulder beetle (rolling).

Vanquished Creatures
  Gastronok (D:9)
  A two-headed ogre (D:7)
  Nergalle (D:10)
  3 slime creatures (D:12)
  A manticore (D:8)
  A gargoyle (D:9)
  A komodo dragon (D:11)
  A hornet (D:9)
  21 yaks
  Grum (D:8)
  2 steam dragons (D:8)
  Menkaure (D:5)
  2 water moccasins
  An acid dragon (D:10)
  Duvessa (D:6)
  An orc warrior (D:6)
  2 black bears
  2 necrophages
  4 wolves (D:8)
  5 centaurs
  4 kobold brigands
  A bullfrog (D:6)
  3 scorpions
  A water moccasin zombie (D:7)
  Dowan (D:6)
  2 water moccasin skeletons (D:5)
  15 killer bees
  6 wights
  A howler monkey (D:11)
  A bullfrog zombie (D:7)
  A jelly (D:8)
  9 orc priests
  3 hounds
  A gnoll shaman (D:8)
  Terence (D:2)
  2 centaur skeletons (D:7)
  5 iguanas
  5 orc wizards
  A howler monkey zombie (D:9)
  8 gnolls
  13 adders
  A shadow imp (D:7)
  A white imp (D:4)
  An adder skeleton (D:4)
  A worm (D:3)
  2 dart slugs
  15 orcs
  4 bats
  8 endoplasms
  6 giant cockroaches
  8 goblins
  5 hobgoblins
  4 jackals (D:1)
  4 quokkas
  7 ball pythons
  A frilled lizard (D:2)
  20 kobolds
  7 rats
232 creatures vanquished.

Vanquished Creatures (others)
  A fungus (D:6)
  6 plants (D:5)
7 creatures vanquished.

Grand Total: 239 creatures vanquished

Notes
Turn   | Place    | Note
-------+----------+-------------------------------------------
     0 | D:1      | themarg the Minotaur Berserker began the quest for the Orb.
     0 | D:1      | Reached XP level 1. HP: 19/19 MP: 0/0
   169 | D:1      | Reached XP level 2. HP: 21/27 MP: 1/1
   174 | D:1      | Reached skill level 4 in Axes
   923 | D:2      | Reached XP level 3. HP: 33/33 MP: 2/2
   958 | D:2      | Found an iron altar of Okawaru.
   958 | D:2      | Noticed Terence
   964 | D:2      | Killed Terence
  1146 | D:2      | Reached ** piety under Trog
  1255 | D:2      | Reached XP level 4. HP: 41/41 MP: 3/3
  1893 | D:3      | Reached skill level 5 in Axes
  1993 | D:3      | Reached skill level 1 in Stealth
  2085 | D:3      | Found a faded altar of an unknown god.
  2088 | D:3      | Reached XP level 5. HP: 47/47 MP: 4/4
  2429 | D:4      | Reached skill level 1 in Shields
  2796 | D:4      | Reached XP level 6. HP: 55/55 MP: 5/5
  2995 | D:4      | Reached skill level 6 in Axes
  3132 | D:4      | Found an ancient bone altar of Kikubaaqudgha.
  3186 | D:4      | Reached *** piety under Trog
  3362 | D:5      | Entered Level 5 of the Dungeon
  3433 | D:5      | Reached skill level 5 in Fighting
  3488 | D:5      | Noticed Menkaure
  3491 | D:5      | Killed Menkaure
  3496 | D:5      | Reached XP level 7. HP: 61/61 MP: 6/6
  3540 | D:5      | Identified the +0 buckler of Infinity {rC+ Str+4}
  3556 | D:5      | Reached skill level 5 in Armour
  3733 | D:5      | Reached skill level 7 in Axes
  4237 | D:5      | Found an iron altar of Okawaru.
  4578 | D:5      | Found a transporter.
  4586 | D:5      | Reached XP level 8. HP: 70/70 MP: 7/7
  4591 | D:5      | Found a transporter.
  4643 | D:5      | Noticed themarg's ghost (novice TeCj)
  4718 | D:6      | Found a staircase to the Ecumenical Temple.
  4744 | D:6      | Found a hazy altar of Hepliaklqana.
  4756 | D:6      | Reached skill level 8 in Axes
  5031 | D:6      | Found a large runed translucent door.
  5032 | D:6      | Found a large runed translucent door.
  5033 | D:6      | Noticed Ekaitz's ghost (novice DsFE)
  5113 | D:6      | Noticed Dowan
  5115 | D:6      | Noticed Duvessa
  5121 | D:6      | Killed Dowan
  5124 | D:6      | Killed Duvessa
  5383 | D:6      | Found a runed translucent door.
  5384 | D:6      | Noticed Crazy Yiuf
  5443 | D:6      | Reached skill level 9 in Axes
  5862 | D:7      | Reached XP level 9. HP: 79/79 MP: 8/8
  6140 | D:7      | Noticed a two-headed ogre
  6144 | D:7      | Killed a two-headed ogre
  6145 | D:7      | Reached skill level 10 in Axes
  6230 | D:7      | Found a flagged portal.
  6239 | Bailey   | Entered a bailey
  6258 | Bailey   | Reached skill level 11 in Axes
  6260 | Bailey   | Reached **** piety under Trog
  6465 | Bailey   | Noticed an orc knight
  6465 | Bailey   | Noticed an orc knight
  6852 | D:8      | Noticed Grum
  6868 | D:8      | Killed Grum
  7052 | D:8      | Reached skill level 12 in Axes
  7135 | D:8      | Reached XP level 10. HP: 86/88 MP: 9/9
  7870 | D:8      | Reached skill level 5 in Shields
  7986 | D:8      | Found a shimmering blue altar of Sif Muna.
  7994 | D:8      | Noticed a manticore
  8009 | D:8      | Killed a manticore
  8546 | D:9      | You fall into a shaft and drop 3 floors!
  8676 | D:12     | Found a runed translucent gate.
  8676 | D:12     | Found a runed translucent gate.
  8676 | D:12     | Found a runed translucent gate.
  8678 | D:12     | Noticed Netaeli's ghost (journeyman SpVM)
  8678 | D:12     | Noticed Afrar's ghost (journeyman FoFi)
  8678 | D:12     | Noticed Xqipyl's ghost (journeyman GrFE)
  8680 | D:12     | Noticed Naggiasi's ghost (journeyman KoBr)
  8683 | D:12     | Noticed Lytaqeus's ghost (journeyman GnWn)
  8747 | D:12     | Reached skill level 13 in Axes
  8996 | D:12     | Identified the +5 hand axe "Gram" {vamp, Fly rPois Str+2
                  | Stlth+}
  9029 | D:10     | Entered Level 10 of the Dungeon
  9074 | D:10     | Found a staircase to the Orcish Mines.
  9129 | D:10     | Noticed Nergalle
  9141 | D:10     | Killed Nergalle
  9142 | D:10     | Reached skill level 5 in Dodging
  9142 | D:10     | Reached skill level 1 in Evocations
  9451 | D:9      | Found a snail-covered altar of Cheibriados.
  9536 | D:9      | Noticed a gargoyle
  9544 | D:9      | Killed a gargoyle
  9613 | D:9      | Noticed Gastronok
  9658 | D:9      | Killed Gastronok
  9659 | D:9      | Reached skill level 10 in Armour
  9659 | D:9      | Reached XP level 11. HP: 93/97 MP: 10/10
 10505 | D:9      | Found a radiant altar of Vehumet.
 10510 | D:9      | Found an ornate altar of the Wu Jian Council.
 10513 | D:9      | Found a glowing golden altar of the Shining One.
 10514 | D:9      | Found a bloodstained altar of Trog.
 10514 | D:9      | Found an opulent altar of Gozag.
 10516 | D:9      | Found a sacrificial altar of Ru.
 10520 | D:9      | Found a hide-covered altar of Uskayaw.
 10608 | D:9      | Reached skill level 14 in Axes
 10875 | D:10     | Identified the +1 broad axe of Releipp {venom, rElec}
 10932 | D:10     | Found a burning altar of Makhleb.
 11259 | D:11     | Noticed a boulder beetle
 11264 | D:11     | Reached skill level 10 in Fighting
 11274 | D:11     | Noticed a purple ugly thing
 11305 | D:10     | Annihilated by a boulder beetle

Illustrated notes

Levels and vault maps discovered:
D:1:      sevenhm_arrival_forest_fort_large_2, layout_basic
D:2:      layout_loops_ring, basic_altar, grunt_ministairs_4, uniq_terence
D:3:      layout_basic, ebering_ecumenical_altar_rust
D:4:      layout_basic, old_standard_altar, chequers_serial_rivers_micro_c
D:5:      layout_gridville, mainiacjoe_overflow_concentric_impassable,
          gammafunk_ghost_gnarly_gnolls, skrybe_limestone_x, uniq_menkaure
D:6:      layout_gridville, mainiacjoe_overflow_boulevard,
          minmay_temple_entry_statues_pillars, ebering_ghost_disaster_area,
          uniq_duvessa, uniq_crazy_yiuf_cottage
D:7:      layout_loops_cross, enter_bailey_7
D:8:      layout_gridville, nicolae_sif_muna_condensation, uniq_grum
D:9:      layout_basic, kennysheep_slug_shrine, minitemple,
          grunt_decor_arrowhead, uniq_gastronok
D:10:     layout_cave_pools, lightli_temple_of_fire, orc_0_dummy, uniq_nergalle
D:11:     layout_cave_pools, dpeg_oklobed_lair, chequers_serial_rivers_marsh
D:12:     layout_layer_cave, gammafunk_ghost_cemetery, hex_large,
          minmay_misc_feat_roman

Skill      XL: |  1  2  3  4  5  6  7  8  9 10 11 |
---------------+----------------------------------+-----
Fighting       | 4 5 7 9 10 | 10.0
Axes           | 4 5 6 7 9 12 13 14 | 14.4
Armour         | 3 4 6 7 8 10 | 10.5
Stealth        | 1 2 |  2.2
Dodging        | 3 4 5 |  5.7
Shields        | 1 2 3 4 6 7 |  7.1
Evocations     | 1 |  1.2

Action                   |  1- 3 |  4- 6 |  7- 9 | 10-12 || total
-------------------------+-------+-------+-------+-------++-------
Melee: Hand axe          |    58 |   144 |    82 |   223 ||   507
       Headbutt          |     2 |    17 |    31 |    62 ||   112
       Punch             |       |     2 |       |     2 ||     4
       Battleaxe         |       |       |    89 |    51 ||   140
Throw: Stone             |       |       |       |     1 ||     1
Invok: Berserk           |     1 |     2 |     9 |     6 ||    18
Evoke: Wand              |       |       |       |     6 ||     6
  Use: Scroll            |       |     3 |     2 |     2 ||     7
       Potion            |       |       |       |     1 ||     1
 Stab: Sleeping          |     1 |       |       |       ||     1
Armor: Animal skin       |    12 |       |       |       ||    12
       Scale mail        |    11 |    56 |    73 |    75 ||   215
Dodge: Dodged            |    27 |    64 |    87 |   120 ||   298
Block: Other             |     2 |    31 |    44 |    49 ||   126
       Reflection        |       |     1 |     3 |     3 ||     7
